 Dungeon Crawl Stone Soup version 0.25.0-45-g978344163c (console) character file.

Game seed: 4379048469691870626

232 Kagalorn the Slasher (level 6, -1/55 HPs)
             Began as a Hill Orc Gladiator on July 11, 2020.
             Slain by an iguana (10 damage)
             ... on level 4 of the Dungeon.
             The game lasted 00:03:54 (2112 turns).

Kagalorn the Slasher (Hill Orc Gladiator)           Turns: 2112, Time: 00:03:55

Health: -1/55      AC:  4    Str: 17    XL:     6   Next: 4%
Magic:  6/6        EV: 12    Int: 10    God:
Gold:   72         SH:  0    Dex: 12    Spells: 5/5 levels left

rFire    . . .     SeeInvis .   a - +0 long sword
rCold    . . .     Gourm    .   (no shield)
rNeg     . . .     Faith    .   b - +0 leather armour
rPois    .         Spirit   .   c - +0 helmet
rElec    .         Reflect  .   (no cloak)
rCorr    .         Harm     .   (no gloves)
MR       .....                  (no boots)
Stlth    +.........             (no amulet)
HPRegen  0.18/turn              (no ring)
MPRegen  0.10/turn              (no ring)

@: starving
A: no striking features
a: no special abilities


You were on level 4 of the Dungeon.
You were starving.

You visited 1 branch of the dungeon, and saw 4 of its levels.

You collected 72 gold pieces.

Inventory:

Hand Weapons
 a - a +0 long sword (weapon)
Missiles
 d - 2 throwing nets
 g - 29 stones (quivered)
Armour
 b - a +0 leather armour (worn)
 c - a +0 helmet (worn)
Jewellery
 n - an uncursed ring of ice {unknown}
Scrolls
 e - a scroll of remove curse {unknown}
 h - a scroll of identify
 i - 2 scrolls of enchant weapon
 j - a scroll of random uselessness {unknown}
 k - a scroll of teleportation {unknown}
 m - a scroll of amnesia {unknown}
Potions
 l - a potion of mutation {unknown}
Comestibles
 f - 4 rations


   Skills:
 + Level 4.9 Fighting
 - Level 6.0 Long Blades
 - Level 1.7 Throwing
 - Level 2.4 Dodging


You had 5 spell levels left.
You didn't know any spells.
Your spell library was empty.

Dungeon Overview and Level Annotations

Branches:
Dungeon (3/15)

Altars:
Ru


Message History

You closely miss the iguana.
The iguana is severely wounded.
The iguana bites you.
* * * LOW HITPOINT WARNING * * *
You barely miss the iguana.
The iguana is severely wounded.
The iguana bites you.
* * * LOW HITPOINT WARNING * * *
You barely miss the iguana.
The iguana is severely wounded.
The iguana closely misses you.
You hit the iguana.
The iguana is almost dead.
The iguana barely misses you.
You riposte.
Your leather armour prevents you from hitting the iguana.
The iguana is almost dead.
You hit the iguana but do no damage.
The iguana is almost dead.
The iguana bites you!
You die...

#.# #.## #..##.# #.# #.#
#.....# #.# #Z# #.##..#
#.# #.# #.##..# #.# #l#
#.##..# #.# #.# #.##..#
#.###.# #.##..#
#.....##########.....#
#.......Zl@.........##
.....###################
#.#### #


You could see an iguana and an adder skeleton.

Vanquished Creatures
  An ogre (D:4)
  A scorpion (D:4)
  A gnoll (D:1)
  4 adders
  3 oozes
  2 worms (D:2)
  A dart slug (D:1)
  2 leopard geckos
  5 bats
  2 giant cockroaches (D:2)
  2 goblins
  4 hobgoblins
  2 jackals (D:1)
  3 kobolds
  A ball python (D:2)
  5 frilled lizards
  7 rats
46 creatures vanquished.

Notes
Turn   | Place    | Note
-------+----------+-------------------------------------------
     0 | D:1      | Kagalorn the Hill Orc Gladiator began the quest for the
                  | Orb.
     0 | D:1      | Reached XP level 1. HP: 18/18 MP: 1/1
    21 | D:1      | Reached XP level 2. HP: 20/25 MP: 2/2
    37 | D:1      | Reached skill level 4 in Long Blades
   105 | D:1      | Reached XP level 3. HP: 15/31 MP: 3/3
   230 | D:2      | Found a sacrificial altar of Ru.
   818 | D:2      | Reached XP level 4. HP: 33/38 MP: 4/4
  1253 | D:2      | Reached skill level 5 in Long Blades
  1703 | D:3      | You fall into a shaft and drop 1 floor!
  1791 | D:4      | Reached XP level 5. HP: 10/46 MP: 5/5
  2056 | D:4      | Noticed an ogre
  2096 | D:4      | Killed an ogre
  2096 | D:4      | Reached skill level 6 in Long Blades
  2096 | D:4      | Reached XP level 6. HP: 46/55 MP: 6/6
  2112 | D:4      | Slain by an iguana

Illustrated notes

Levels and vault maps discovered:
D:1:      minmay_arrival_radiant_lines, layout_basic
D:2:      layout_loops_ring, hangedman_ru_absence
D:3:      layout_rooms, first_ration, minmay_misc_feat_alley, uniq_grinder
D:4:      minmay_opposing_rooms, layout_loops_ring, kennysheep_small_square

Skill      XL: |  1  2  3  4  5 |
---------------+----------------+-----
Long Blades    | 4 5 6 |  6.0
Fighting       | 3 4 |  4.9
Throwing       | |  1.7
Dodging        | |  2.4

Action                   |  1- 3 |  4- 6 || total
-------------------------+-------+-------++-------
Melee: Long sword        |   104 |    80 ||   184
Throw: Stone             |       |     7 ||     7
       Throwing net      |       |     2 ||     2
  Use: Scroll            |       |     1 ||     1
 Stab: Sleeping          |     1 |     1 ||     2
  Eat: Chunk             |       |     2 ||     2
Armor: Leather armour    |    26 |    18 ||    44
Dodge: Dodged            |    65 |    49 ||   114
       Rpst.: Long sword |    14 |    17 ||    31
